 Dungeon Crawl Stone Soup version 0.30-a0-883-g5ad918d77d (webtiles) character file.

Game seed: 7272365895668789588

84 Ijustatesigmund the Magician (level 4, -1/37 HPs)
             Began as a Gnoll Fire Elementalist on Mar 17, 2023.
             Slain by a goblin
             ... wielding a +0 dagger
             ... led by Robin
              (4 damage)
             ... on level 1 of the Dungeon.
             The game lasted 00:03:55 (1442 turns).

Ijustatesigmund the Magician (GnFE)                 Turns: 1442, Time: 00:03:55

Health: -1/37      AC:  3    Str:  6 (7)  XL:     4   Next: 45%
Magic:  11/12      EV: 13    Int: 15 (17) God:
Gold:   56         SH:  0    Dex: 10 (12) Spells: 12/15 levels left

rFire   + . .      SeeInvis .    c - +2 dagger (venom)
rCold   + . .      Faith    .    (no shield)
rNeg    . . .      Spirit   .    a - +1 robe
rPois   +          Reflect  .    (no helmet)
rElec   +          Rampage  .    (no cloak)
rCorr   +                        (no gloves)
Will    .....                    (no boots)
Stlth   +++                      d - amulet of magic regeneration
HPRegen 0.26/turn                (no ring)
MPRegen 0.53/turn                (no ring)

@: resistant
A: fangs 1, strong nose, distributed training
a: no special abilities


You were on level 1 of the Dungeon.
You visited 1 branch of the dungeon, and saw 2 of its levels.

You collected 56 gold pieces.

Inventory:

Hand Weapons
 c - a +2 dagger of venom (weapon)
Armour
 a - a +1 robe (worn)
Jewellery
 d - an amulet of magic regeneration (around neck)
Potions
 b - a potion of magic
 e - a potion of cancellation
 h - a potion of degeneration


   Skills:
 + Level 3.8 Fighting
 + Level 3.8 Short Blades
 + Level 3.8 Long Blades
 + Level 3.8 Axes
 + Level 3.8 Maces & Flails
 + Level 3.8 Polearms
 + Level 3.8 Staves
 + Level 3.8 Ranged Weapons
 + Level 3.8 Throwing
 + Level 3.8 Armour
 + Level 6.0 Dodging
 + Level 5.7 Stealth
 + Level 3.8 Shields
 + Level 3.8 Unarmed Combat
 + Level 6.4 Spellcasting
 + Level 3.9 Conjurations
 + Level 3.1 Hexes
 + Level 3.1 Summonings
 + Level 3.1 Necromancy
 + Level 3.1 Translocations
 + Level 3.1 Transmutations
 + Level 6.3 Fire Magic
 + Level 3.1 Ice Magic
 + Level 3.1 Air Magic
 + Level 3.1 Earth Magic
 + Level 3.1 Poison Magic
 + Level 4.2 Invocations
 + Level 3.8 Evocations


You had 12 spell levels left.
You knew the following spells:

 Your Spells              Type           Power      Damage    Failure   Level
a - Foxfire               Conj/Fire      80%        2x1d8     1%          1
b - Scorch                Fire           46%        2d7       1%          2

Your spell library contained the following spells:

 Spells                   Type           Power      Damage    Failure   Level
 Magic Dart               Conj           64%        1d6       2%          1
 Call Imp                 Summ           14%        N/A       6%          2
 Inner Flame              Hex/Fire       19%        N/A       6%          3
 Kindle Blastsparks       Fire/Tloc/Air  34%        2d12      8%          3
 Mephitic Cloud           Conj/Pois/Air  15%        N/A       11%         3
 Flame Wave               Conj/Fire      20%        2d7       17%         4


Dungeon Overview and Level Annotations

Branches:
Dungeon (2/15)

Altars:

Annotations:
D:2 Robin


Innate Abilities, Weirdness & Mutations

You have very sharp teeth.
Your uncanny sense of smell can sniff out nearby items.
Your experience applies equally to all skills.


Message History

Your Ice Magic skill gained 3 levels and is now at level 3!
Your Air Magic skill gained 3 levels and is now at level 3!
Your Earth Magic skill gained 3 levels and is now at level 3!
Your Poison Magic skill gained 3 levels and is now at level 3!
Your Invocations skill gained 3 levels and is now at level 4!
Your Evocations skill gained 3 levels and is now at level 3!
You have reached level 4!
You feel clever.
The hobgoblin no longer looks unusually strong.
The goblin hits you but does no damage. The goblin barely misses you.
The goblin hits you but does no damage. The goblin barely misses you.
You aren't carrying any scrolls.
Okay, then.
The goblin hits you but does no damage.
A goblin comes into view. It is wielding a +0 club.
The goblin hits you with a +0 dagger.
* * * LOW HITPOINT WARNING * * *
The goblin attacks as you move away! The goblin misses you.
The goblin barely misses you.
Robin roars a battlecry!
The goblins go into a battle-frenzy!
You hear a shout!
There is a stone staircase leading up here.
The goblin barely misses you. The goblin hits you but does no damage.
The goblin closely misses you.
Robin says, "My goblins will feast on your bones."
The goblin misses you.
You climb upwards.
There is a stone staircase leading down here.
Casting: Foxfire (safe; 1% risk of failure)
Confirm with . or Enter, or press ? or * to list all spells.
Flames lash the goblin.
You kill the goblin!
The goblin hits you with a +0 dagger.
* * * LOW HITPOINT WARNING * * *
The goblin hits you with a +0 club.
* * * LOW HITPOINT WARNING * * *
The goblin misses you. The goblin hits you with a +0 dagger.
You die...

...##.8.8.#####.8.8.##.###
...##...............#..#
...####...⌠...⌠...###.##
......##....8....## #.#
...#...##.⌠...⌠.#####.######
###
...+....##..)..##...#.##...##
#..
####...#####'####...........#
##. .[.........#)#
##g....##....# #.
#####........# #@)..####....#
#. #####.#....#####gg..#
####.####.
##..................# #......
##.##.##...##.......# #......
##.##.##...##.......#
####......
##.##.#.............#
#.......[.
...##.####.#..##.##.#
#....>....
.####.........##.##.#
#......... .#
##..##.#...##.##.# #.........


You could see 3 goblins.

Vanquished Creatures
  An adder (D:2)
  5 bats
  2 giant cockroaches
  6 goblins
  4 hobgoblins
  2 kobolds
  A quokka (D:1)
  3 ball pythons
  A frilled lizard (D:2)
  2 rats (D:1)
27 creatures vanquished.

Vanquished Creatures (others)
  76 foxfires
76 creatures vanquished.

Grand Total: 103 creatures vanquished

Notes
Turn   | Place    | Note
-------+----------+-------------------------------------------
     0 | D:1      | Ijustatesigmund the Gnoll Fire Elementalist began the quest
                  | for the Orb.
     0 | D:1      | Reached XP level 1. HP: 13/13 MP: 6/6
   238 | D:1      | Reached XP level 2. HP: 19/19 MP: 5/7
   241 | D:1      | Learned a level 2 spell: Scorch
   542 | D:1      | Learned a level 1 spell: Magic Dart
  1197 | D:2      | Reached skill level 5 in Spellcasting
  1197 | D:2      | Reached XP level 3. HP: 25/25 MP: 3/9
  1283 | D:2      | Reached skill level 1 in Invocations
  1416 | D:2      | Noticed Robin
  1435 | D:2      | Reached skill level 5 in Stealth
  1435 | D:2      | Reached XP level 4. HP: 8/37 MP: 10/12
  1442 | D:1      | Slain by a goblin

Illustrated notes

Levels and vault maps discovered:
D:1:      ncdulo_halloftheorcs, layout_basic, interstate_on_off
D:2:      layout_basic, hex_large, uniq_jessica, uniq_robin

Skill      XL: |  1  2  3 |
---------------+----------+-----
Conjurations   | 2 3 |  3.9
Spellcasting   | 5 6 |  6.4
Invocations    | 4 |  4.2
Fighting       | 3 |  3.8
Short Blades   | 3 |  3.8
Long Blades    | 3 |  3.8
Axes           | 3 |  3.8
Maces & Flails | 3 |  3.8
Polearms       | 3 |  3.8
Staves         | 3 |  3.8
Ranged Weapons | 3 |  3.8
Throwing       | 3 |  3.8
Armour         | 3 |  3.8
Dodging        | 6 |  6.0
Stealth        | 5 |  5.7
Shields        | 3 |  3.8
Unarmed Combat | 3 |  3.8
Hexes          | 3 |  3.1
Summonings     | 3 |  3.1
Necromancy     | 3 |  3.1
Translocations | 3 |  3.1
Transmutations | 3 |  3.1
Fire Magic     | 6 |  6.3
Ice Magic      | 3 |  3.1
Air Magic      | 3 |  3.1
Earth Magic    | 3 |  3.1
Poison Magic   | 3 |  3.1
Evocations     | 3 |  3.8

Action                     |  1- 3 |  4- 6 || total
---------------------------+-------+-------++-------
  Melee: Dagger            |     2 |       ||     2
   Cast: Foxfire           |    45 |       ||    45
         Magic Dart        |     2 |       ||     2
         Scorch            |       |     1 ||     1
    Use: Scroll            |     4 |       ||     4
         Potion            |     3 |       ||     3
 Armour: Robe              |     4 |     4 ||     8
  Dodge: Dodged            |     7 |     8 ||    15

Table legend: (Time is in decaauts)
 A = Elapsed time spent in this place.
 B = Non-inter-level travel time spent in this place.
 C = Inter-level travel time spent in this place.
 D = Time resting spent in this place.
 E = Time spent auto-exploring this place.
 F = Levels seen in this place.
 G = Mean time per level.
                   A        B        C        D        E       F      G
               +--------+--------+--------+--------+--------+-----+--------+
         Total |   1441 |   1412 |     29 |    139 |   1081 |   2 |  720.5 |
       Dungeon |   1441 |   1412 |     29 |    139 |   1081 |   2 |  720.5 |
               +--------+--------+--------+--------+--------+-----+--------+

Top non-repeatable levels by time:
     D:1: 1189 daAuts
     D:2: 251 daAuts
